Map: Arctic Flowers LE

Players

Ekelpack - Winner!

  • Race: Zerg Zerg
  • Spawn Location: 7:00

Nyck - Winner!

  • Race: Terran Terran
  • Spawn Location: 7:00

Biggles

  • Race: Zerg Zerg
  • Spawn Location: 1:00

Fexezz

  • Race: Protoss Protoss
  • Spawn Location: 1:00

VOD

Have the link to the VOD?

Description

Time

  • Played on: April 8, 2025, 1:59 p.m.
  • Length: 16:13
Show
View Real Time Build Order
Export as new Build Order

Ekelpack Zerg - Winner!

Build Orders: Hatch First 

Get SALT Encoding   

  12  0:00  Drone  
  13  0:12  Overlord  
  13  0:16  Drone  
  14  0:30  Drone x2  
  16  0:36  Drone  
  17  0:53  Hatchery  
  17  0:54  Drone  
  17  1:01  Extractor  
  16  1:09  Spawning Pool  
  15  1:12  Drone  
  15  1:16  Drone  
  17  1:19  Drone  
  18  1:28  Drone  
  19  1:38  Drone  
  20  1:53  Overlord  
  20  2:00  Queen  
  22  2:02  Metabolic Boost  
  22  2:07  Queen  
  24  2:11  Drone  
  24  2:15  Drone  
  26  2:17  Drone  
  26  2:19  Drone  
  28  2:24  Drone  
  28  2:26  Extractor  
  28  2:27  Drone  
  29  2:32  Drone  
  29  2:37  Drone  
  31  2:54  Drone  
  31  2:56  Lair  
  32  2:59  Drone x2  
  34  3:13  Overlord  
  34  3:14  Overlord  
  34  3:19  Evolution Chamber  
  33  3:23  Zergling x6  
  36  3:31  Zergling x12  
  42  3:42  Drone x2  
  42  3:43  Overlord  
  42  3:46  Drone  
  45  3:51  Extractor  
  45  3:53  Zerg Melee Weapons Level 1  
  44  3:57  Spire  
  43  4:04  Drone x3  
  43  4:07  Extractor  
  45  4:20  Overlord  
  45  4:23  Drone x3  
  45  4:24  Drone  
  49  4:29  Zergling x2  
  49  4:30  Zergling x10  
  46  5:01  Drone x3  
  48  5:16  Zergling x4  
  48  5:17  Zergling x14  
  48  5:18  Hatchery  
  55  5:31  Zergling x8  
  56  5:38  Overlord  
  56  5:50  Zerg Melee Weapons Level 2  
  56  5:59  Mutalisk x4  
  64  6:12  Overlord x2  
  64  6:17  Hatchery  
  61  6:33  Overlord  
  61  6:34  Mutalisk x3  
  61  6:35  Mutalisk x3  
  73  6:54  Mutalisk x3  
  73  7:00  Infestation Pit  
  78  7:18  Drone x3  
  78  7:19  Drone x6  
  87  7:39  Hive  
  87  7:49  Drone x12  
  99  7:52  Extractor x2  
  99  7:53  Overlord  
  97  8:19  Queen  
  95  8:35  Spine Crawler  
  95  8:37  Spine Crawler  
  95  8:39  Spine Crawler  
  95  8:40  Spine Crawler, Drone  
  95  8:41  Drone x2  
  94  8:47  Overlord x3  
  94  8:54  Overlord x2  
  94  8:55  Overlord  
  94  9:06  Ultralisk Cavern  
  89  9:31  Hatchery  
  89  9:37  Extractor  
  87  9:40  Spore Crawler  
  87  9:41  Spore Crawler, Drone  
  87  9:42  Drone x2  
  88  9:46  Spore Crawler  
  88  9:47  Spore Crawler  
  88  9:51  Zerg Ground Armor Level 1  
  88  9:52  Chitinous Plating, Overlord x2  
  86  9:54  Ultralisk x3  
  86  9:55  Ultralisk x3  
  86  9:57  Spore Crawler  
  121  10:05  Queen  
  123  10:11  Pneumatized Carapace  
  123  10:25  Overseer  
  102  10:50  Corruptor x3  
  102  10:51  Corruptor x3  
  114  11:11  Anabolic Synthesis  
  114  11:16  Overlord x4  
  114  11:27  Zerg Flyer Weapons Level 1  
  114  11:34  Spore Crawler  
  114  11:35  Spore Crawler  
  113  11:47  Drone x19  
  131  11:58  Zerg Ground Armor Level 2  
  131  12:07  Extractor  
  130  12:16  Ultralisk x2  
  130  12:17  Ultralisk  
  130  12:20  Adrenal Glands  
  142  12:53  Ultralisk x3  
  142  12:54  Overlord x3  
  160  13:02  Overlord  
  160  13:13  Queen  
  162  13:25  Overlord  
  162  13:26  Ultralisk  
  186  13:27  Ultralisk x3  
  186  13:34  Hatchery  
  185  14:05  Ultralisk x2  
  185  14:06  Zergling x6  
  200  14:41  Hatchery  
  191  15:03  Ultralisk  
  191  15:04  Zergling x4  
  191  15:05  Zergling x2  
  191  15:06  Zergling x4  
  196  15:07  Zergling x4  
  196  15:08  Zergling x8  
  177  15:22  Corruptor, Ultralisk x3  
  177  15:23  Zergling x6  
Show
View Real Time Build Order
Export as new Build Order

Nyck Terran - Winner!

Build Orders: 2 Factory 

Get SALT Encoding   

  12  0:00  SCV  
  13  0:12  SCV  
  14  0:17  Supply Depot  
  14  0:24  SCV  
  15  0:39  SCV  
  15  0:41  Barracks  
  16  0:45  Refinery  
  16  0:50  Refinery  
  16  0:52  SCV  
  17  1:05  SCV  
  18  1:17  SCV  
  19  1:28  Reaper  
  19  1:30  Supply Depot  
  20  1:34  Orbital Command  
  20  1:57  Factory  
  20  2:02  Factory  
  20  2:05  SCV  
  21  2:09  Barracks Tech Lab  
  21  2:17  SCV  
  22  2:33  SCV  
  23  2:43  Marauder  
  25  2:46  SCV  
  26  3:06  SCV  
  27  3:18  SCV, Command Center  
  28  3:20  Marine  
  28  3:22  Concussive Shells  
  28  3:25  Hellion  
  31  3:28  Supply Depot  
  31  3:31  Hellion  
  31  3:33  Starport  
  33  3:35  SCV  
  31  4:13  Marauder  
  33  4:18  Hellion x2  
  33  4:20  Supply Depot  
  33  4:21  Medivac  
  39  4:26  Armory  
  39  4:28  SCV  
  40  4:32  Orbital Command  
  40  4:43  Supply Depot  
  40  4:45  Factory Tech Lab  
  40  4:47  Factory Tech Lab  
  40  4:51  Starport Tech Lab  
  40  5:01  SCV  
  40  5:02  SCV  
  42  5:15  SCV  
  35  5:43  Siege Tank  
  35  5:44  Siege Tank  
  35  5:46  Marine  
  35  5:49  SCV x2  
  46  6:00  Banshee  
  46  6:02  Cloaking Field  
  47  6:05  Armory  
  47  6:08  Terran Ship Weapons Level 1  
  47  6:09  SCV x2  
  49  6:14  Refinery  
  49  6:17  Refinery  
  49  6:21  SCV x2  
  51  6:27  Marine  
  51  6:29  Siege Tank x2  
  58  6:33  SCV  
  58  6:34  SCV  
  58  6:36  Supply Depot  
  58  6:38  Command Center  
  60  6:45  SCV  
  60  6:46  SCV  
  62  6:58  SCV x2  
  64  7:10  SCV x2  
  66  7:21  Siege Tank  
  66  7:22  Siege Tank, Marine, SCV x2  
  75  7:28  Terran Vehicle And Ship Armor Level 1  
  75  7:31  Supply Depot  
  75  7:32  Supply Depot  
  75  7:34  Infernal Pre-Igniter, SCV x2  
  75  7:35  Combat Shield  
  77  7:46  SCV x2  
  77  7:49  Orbital Command  
  80  7:58  SCV  
  80  8:11  SCV x2  
  79  8:16  Refinery  
  79  8:17  SCV  
  79  8:18  Refinery  
  79  8:19  Marine  
  81  8:22  Siege Tank x2  
  81  8:23  SCV  
  88  8:32  SCV x2  
  90  8:44  Marine  
  91  8:49  Viking  
  91  8:54  Siege Tank x2  
  99  8:58  SCV  
  99  8:59  SCV x2  
  102  9:09  Marine  
  103  9:10  SCV  
  103  9:11  SCV  
  103  9:13  SCV  
  106  9:23  SCV x2  
  108  9:25  SCV  
  108  9:31  Thor  
  115  9:35  SCV x2  
  117  9:39  Terran Vehicle Weapons Level 1, Terran Vehicle And Ship Armor Level 2  
  117  9:40  Armory  
  117  9:46  Engineering Bay  
  117  10:16  Command Center  
  117  10:18  Smart Servos  
  117  10:20  Supply Depot  
  117  10:23  Thor, Command Center  
  117  10:24  SCV x2, Thor, Viking  
  117  10:25  SCV  
  117  10:27  Command Center  
  133  10:28  Terran Ship Weapons Level 2  
  133  10:31  Supply Depot  
  133  10:36  SCV x2  
  133  10:37  SCV  
  136  10:53  Supply Depot  
  117  11:06  Thor  
  117  11:07  Thor  
  117  11:11  Marine  
  127  11:14  Viking  
  130  11:25  SCV x3  
  133  11:30  Missile Turret  
  133  11:34  Supply Depot  
  133  11:38  Missile Turret  
  133  11:40  Missile Turret  
  133  11:43  Sensor Tower  
  133  11:45  SCV x3  
  136  11:47  Refinery  
  136  11:49  SCV, Thor x2  
  149  11:57  SCV x2  
  149  11:58  Marine  
  149  12:01  Viking  
  154  12:02  Terran Vehicle Weapons Level 2  
  154  12:04  Terran Vehicle And Ship Armor Level 3  
  154  12:06  Supply Depot  
  154  12:12  Orbital Command, Missile Turret  
  154  12:19  Refinery  
  154  12:28  Supply Depot, Factory  
  154  12:29  Supply Depot  
  154  12:31  Factory  
  154  12:32  Thor x2, Missile Turret  
  166  12:38  Viking  
  168  12:44  Fusion Core  
  162  12:52  Missile Turret  
  154  13:10  SCV x4  
  158  13:14  Factory Tech Lab  
  158  13:15  Thor, Factory Tech Lab  
  158  13:17  Factory  
  164  13:34  Refinery, Sensor Tower  
  164  13:36  SCV x3  
  164  13:39  Thor x3  
  185  13:42  Battlecruiser  
  191  13:48  SCV  
  191  13:49  SCV x3  
  195  14:00  SCV  
  196  14:08  SCV x2  
  196  14:09  SCV  
  199  14:13  Sensor Tower  
  200  14:17  SCV  
  200  14:54  Sensor Tower  
  198  15:14  Viking  
Show
View Real Time Build Order
Export as new Build Order

Biggles Zerg 

Build Orders: 3 Hatch before Pool 

Get SALT Encoding   

  12  0:01  Drone  
  13  0:08  Drone  
  14  0:17  Drone, Extractor  
  15  0:23  Overlord  
  15  0:45  Hatchery  
  14  0:50  Drone  
  14  0:53  Drone, Extractor  
  14  0:57  Drone  
  16  1:18  Hatchery  
  15  1:24  Drone  
  16  1:29  Drone  
  16  1:31  Drone  
  18  1:43  Spawning Pool  
  17  1:47  Drone  
  17  1:50  Drone  
  19  1:59  Overlord  
  19  2:01  Drone  
  19  2:08  Drone  
  21  2:09  Drone  
  22  2:18  Drone x2  
  24  2:29  Metabolic Boost  
  24  2:33  Queen  
  26  2:39  Extractor  
  26  2:40  Extractor  
  24  2:44  Queen  
  26  2:56  Spine Crawler  
  26  2:58  Queen  
  25  3:02  Drone  
  28  3:09  Drone  
  28  3:10  Drone  
  30  3:20  Queen  
  32  3:35  Drone x5  
  37  3:54  Zergling x10  
  42  3:57  Overlord x2  
  42  4:02  Lair  
  42  4:25  Zergling x22  
  42  4:26  Zergling x2  
  42  4:28  Zergling x2  
  51  5:07  Drone x8  
  51  5:08  Overlord  
  51  5:09  Overlord x2  
  48  5:36  Drone  
  48  5:37  Drone x11  
  57  5:47  Extractor x2  
  57  5:48  Hatchery  
  54  5:51  Extractor  
  54  5:52  Drone x3  
  54  5:53  Overlord x2  
  56  5:59  Spire  
  56  6:00  Drone x3  
  56  6:01  Baneling Nest  
  57  6:09  Drone  
  57  6:10  Drone  
  59  6:12  Extractor  
  59  6:13  Extractor  
  57  6:26  Infestation Pit  
  57  6:29  Zergling x20, Evolution Chamber x2  
  64  6:36  Pneumatized Carapace  
  64  6:46  Drone x3  
  67  6:47  Drone x3  
  67  6:51  Spore Crawler  
  67  6:52  Spore Crawler  
  67  6:53  Spore Crawler  
  67  6:56  Spore Crawler  
  67  7:01  Spore Crawler x2, Drone x2  
  64  7:02  Spore Crawler  
  65  7:09  Centrifugal Hooks  
  65  7:13  Drone x3  
  65  7:14  Drone  
  69  7:20  Zerg Melee Weapons Level 1  
  69  7:21  Spore Crawler  
  68  7:24  Zerg Ground Armor Level 1  
  68  7:31  Drone x3  
  68  7:32  Drone x2  
  73  7:48  Drone  
  73  7:49  Drone  
  73  7:50  Drone x6  
  73  7:51  Drone x3  
  82  7:58  Drone x3  
  84  7:59  Overlord  
  77  8:26  Spore Crawler  
  76  8:27  Mutalisk  
  76  8:28  Mutalisk x9  
  76  8:29  Spore Crawler  
  76  8:32  Zerg Flyer Weapons Level 1  
  95  8:34  Hive  
  95  8:52  Overlord x5  
  95  9:05  Hatchery  
  94  9:17  Mutalisk x6  
  94  9:18  Mutalisk x6  
  94  9:20  Overlord  
  118  9:26  Zerg Melee Weapons Level 2  
  118  9:54  Zerg Ground Armor Level 2  
  118  9:58  Adrenal Glands  
  118  10:14  Zergling x26  
  119  10:15  Zergling x26  
  119  10:20  Queen x3  
  138  11:02  Mutalisk x6  
  146  11:25  Mutalisk x6  
  118  11:26  Mutalisk x3  
  136  11:41  Overlord x2  
  136  11:42  Overlord  
  136  11:44  Zergling x2  
  136  11:45  Zergling x26  
  136  11:46  Overlord  
  136  11:47  Overlord x3  
  150  11:49  Zerg Melee Weapons Level 3  
  150  11:57  Ultralisk Cavern  
  149  12:02  Drone, Extractor  
  149  12:03  Drone x2, Extractor  
  149  12:04  Drone x3  
  153  12:12  Zergling x2  
  153  12:13  Zergling x30  
  169  12:26  Zergling x2  
  169  12:27  Zergling x16  
  178  12:32  Zergling x6  
  181  12:50  Zergling x24  
  181  12:51  Zergling x10  
  155  13:09  Mutalisk x3  
  155  13:10  Mutalisk x7  
  175  13:14  Zergling x2  
  175  13:15  Zergling x12  
  182  13:26  Greater Spire  
  182  13:29  Corruptor x3  
  182  13:30  Corruptor  
  190  13:34  Corruptor  
  191  14:10  Chitinous Plating  
  191  14:14  Ultralisk  
  191  14:16  Overlord x3  
  197  14:23  Overlord x2  
  144  15:02  Brood Lord x5  
  154  15:07  Ultralisk x3  
  154  15:08  Zergling x14  
  154  15:09  Zergling x34  
  159  15:29  Anabolic Synthesis  
  115  15:46  Zergling x18  
  115  15:47  Zergling x22  
Show
View Real Time Build Order
Export as new Build Order

Fexezz Protoss 

Build Orders: 1 Gate Expand, Nexus First 

Get SALT Encoding   

  12  0:09  Probe  
  13  0:16  Pylon  
  13  0:24  Probe  
  14  0:55  Gateway  
  14  1:03  Nexus  
  14  1:04  Probe  
  15  1:17  Probe  
  16  1:29  Probe  
  17  1:38  Assimilator  
  17  1:41  Gateway  
  17  1:44  Forge  
  17  1:45  Probe  
  17  1:47  Cybernetics Core  
  17  1:54  Probe  
  19  2:03  Probe  
  20  2:11  Pylon  
  20  2:13  Probe  
  20  2:15  Pylon  
  20  2:21  Probe  
  22  2:31  Gateway  
  22  2:35  Stalker  
  21  2:38  Photon Cannon  
  23  2:58  Photon Cannon  
  23  3:07  Stalker  
  24  3:17  Probe  
  24  3:25  Probe  
  25  3:30  Assimilator  
  25  3:37  Probe  
  25  3:41  Pylon  
  26  3:46  Photon Cannon  
  26  3:49  Probe  
  27  4:01  Probe  
  28  4:09  Warp Gate  
  22  4:25  Probe  
  22  4:28  Stalker x2  
  25  4:33  Probe  
  28  4:43  Probe  
  29  4:55  Probe  
  29  4:59  Probe  
  30  5:00  Pylon  
  30  5:06  Pylon  
  32  5:07  Probe x2  
  32  5:08  Pylon  
  32  5:13  Robotics Facility  
  33  5:17  Probe  
  33  5:19  Probe  
  35  5:23  Robotics Facility  
  35  5:26  Photon Cannon  
  35  5:29  Probe  
  35  5:31  Probe  
  37  5:37  Stalker  
  37  5:38  Stalker  
  37  5:39  Probe  
  42  5:47  Probe  
  42  5:48  Photon Cannon  
  42  5:51  Probe  
  44  6:02  Immortal  
  48  6:16  Shield Battery  
  48  6:21  Photon Cannon  
  48  6:32  Stalker x2  
  52  6:38  Twilight Council  
  52  6:40  Immortal  
  56  6:53  Shield Battery  
  56  6:57  Probe  
  56  7:00  Stargate  
  57  7:05  Probe  
  57  7:10  Assimilator  
  57  7:15  Probe  
  58  7:16  Assimilator  
  59  7:24  Stalker  
  59  7:27  Probe  
  62  7:35  Nexus  
  62  7:49  Probe  
  62  7:57  Probe, Immortal  
  62  7:58  Immortal  
  71  7:59  Phoenix  
  73  8:06  Protoss Ground Weapons Level 1  
  73  8:07  Probe  
  73  8:19  Probe  
  74  8:27  Phoenix  
  74  8:28  Dark Shrine  
  76  8:43  Probe  
  77  8:51  Probe  
  77  8:54  Stalker, Pylon  
  77  8:55  Stalker  
  81  8:56  Pylon  
  81  8:59  Pylon  
  81  9:01  Probe  
  82  9:08  Pylon  
  82  9:09  Immortal  
  91  9:10  Immortal  
  91  9:13  Probe  
  92  9:25  Probe  
  89  9:35  Phoenix  
  89  9:37  Probe  
  92  9:42  Photon Cannon  
  92  9:45  Photon Cannon  
  92  9:46  Photon Cannon  
  92  9:50  Probe  
  93  10:00  Observer x2  
  93  10:02  Probe  
  93  10:03  Stalker x2  
  100  10:12  Gateway  
  100  10:13  Phoenix, Probe  
  103  10:14  Gateway  
  103  10:21  Probe  
  103  10:25  Assimilator  
  104  10:29  Assimilator, Probe  
  104  10:30  Immortal  
  105  10:40  Probe  
  105  10:41  Immortal  
  114  10:52  Probe  
  114  10:56  Void Ray  
  73  11:10  Dark Templar x3  
  73  11:11  Dark Templar  
  81  11:24  Immortal  
  85  11:28  Probe  
  86  11:36  Probe  
  86  11:46  Probe  
  87  11:53  Dark Templar  
  87  11:54  Dark Templar x3  
  92  11:58  Probe  
  89  12:11  Nexus, Immortal  
  89  12:20  Immortal  
  97  12:26  Stalker x2  
  97  12:27  Stalker  
  97  12:28  Stalker  
  102  12:57  Stalker  
  103  12:59  Dark Templar x3  
  109  13:14  Pylon  
  109  13:15  Pylon  
  109  13:16  Immortal  
  109  13:17  Pylon, Immortal  
  109  13:18  Pylon  
  117  13:22  Pylon  
  117  13:24  Pylon  
  117  13:26  Pylon  
  117  13:28  Pylon  
  117  13:29  Protoss Ground Weapons Level 2  
  117  13:31  Pylon  
  117  13:36  Stalker x2  
  117  13:37  Stalker x2  
  125  13:58  Photon Cannon  
  125  14:00  Photon Cannon  
  125  14:01  Photon Cannon  
  125  14:02  Void Ray, Immortal  
  129  14:07  Photon Cannon  
  133  14:10  Photon Cannon  
  133  14:11  Photon Cannon  
  133  14:17  Photon Cannon  
  133  14:21  Shield Battery  
  133  14:28  Shield Battery  
  133  14:34  Dark Templar x2  
  133  14:35  Dark Templar x2  
  141  14:39  Archon x2  
  141  14:40  Archon  
  58  15:16  Stalker x3  
  58  15:18  Stalker  
  58  15:20  Void Ray  
  66  15:24  Immortal x2  
  70  15:52  Stalker  
  70  15:53  Stalker x3  
Tags
 
Add a new tag
Caveats
  • Supply blocks, unpowered buildings, or Contaminate may cause inaccurate times.
  • Supply counts are checked every 10 seconds.